 Dungeon Crawl Stone Soup version 0.31-a0-152-g6aa68a64a1 (webtiles) character file.

Game seed: 1461410529144033671

58 qw the Shooter (level 4, -2/39 HPs)
             Began as a Naga Hunter on June 10, 2023.
             Slain by Grinder (5 damage)
             ... on level 3 of the Dungeon.
             The game lasted 00:00:30 (1354 turns).

qw the Shooter (Naga Hunter)                        Turns: 1354, Time: 00:00:31

Health: -2/39      AC:  4    Str: 14    XL:     4   Next: 2%
Magic:  4/4        EV:  9    Int:  9    God:
Gold:   107        SH:  0    Dex: 16    Spells: 3/3 levels left

rFire   . . .        Y - +0 shortbow
rCold   . . .        (shield currently unavailable)
rNeg    . . .        c - +0 leather armour
rPois   +            f - +0 helmet
rElec   .            g - +0 cloak
rCorr   .            (no gloves)
SInv    +            (no barding)
Will    .....        (no amulet)
Stlth   ++           (no ring)
HPRegen 0.26/turn    (no ring)
MPRegen 0.09/turn

%: no passive effects
@: short of breath, weak-willed, very slow
A: AC +1, large, see invisible, deformed body, poison resistance, slowness 2,
spit poison 1, naga tail 1
a: Spit Poison


You were on level 3 of the Dungeon.
You visited 1 branch of the dungeon, and saw 3 of its levels.

You collected 107 gold pieces.


Innate Abilities, Weirdness & Mutations

Your serpentine skin is tough. (AC +1)
You have supernaturally acute eyesight. (SInv)
Armour fits poorly on your strangely shaped body.
Your system is resistant to poisons. (rPois)
You cover ground very slowly.
You can spit poison.
You have a snake-like lower body.


   Skills:
 + Level 2.0 Fighting
 - Level 5.0 Ranged Weapons
 - Level 1.5 Dodging
 - Level 1.5 Stealth


You had 3 spell levels left.
You didn't know any spells.
Your spell library was empty.

Inventory:

Hand Weapons
 Y - a +0 shortbow (weapon)
Armour
 c - a +0 leather armour (worn)
 f - a +0 helmet (worn)
 g - a +0 cloak (worn)
Potions
 e - a potion of curing
 h - a potion of invisibility {unknown}
 j - a potion of brilliance {unknown}

Dungeon Overview and Level Annotations

Branches:
Dungeon (3/15)

Altars:
Cheibriados

Annotations:
D:3 Grinder


Message History

You shoot an arrow. The arrow hits Grinder!
Grinder is moderately wounded.
A ball python comes into view.
The kobold throws a stone.
The stone hits you.
Grinder blinks!
The kobold throws a stone.
The stone misses you.
A hobgoblin comes into view.
You shoot an arrow. The arrow closely misses Grinder.
The hobgoblin shouts!
The ball python hisses angrily.
1347 ||| INVOKING Spit Poison.
Aiming: Spit Poison (1% risk of failure)
Press: ? - help, Shift-Dir - straight line, f - kobold, p - Grinder The splash of poison hits the kobold.
You kill the kobold!
Grinder gestures at you.
You suddenly lose the ability to move!
You have got your breath back.
You can move again.
1351 ||| INVOKING Spit Poison.
Aiming: Spit Poison (1% risk of failure)
Press: ? - help, Shift-Dir - straight line, f - ball python The splash of poison misses the ball python.
The splash of poison hits Grinder.
Grinder is moderately wounded.
The ball python bites you but does no damage.
You shoot an arrow. The arrow hits Grinder.
Grinder is moderately wounded.
The ball python bites you but does no damage.
Grinder barely misses you. The ball python closely misses you.
You shoot an arrow. The arrow hits Grinder.
Grinder is moderately wounded.
You have got your breath back.
The ball python bites you. Grinder hits you!
1354 ||| INVOKING Spit Poison.
Aiming: Spit Poison (1% risk of failure)
Press: ? - help, Shift-Dir - straight line, f - ball python, p - Grinder The splash of poison hits the ball python.
The ball python is poisoned.
You kill the ball python!
Grinder hits you.
You writhe in agony.
You die...

#######
.......
.....[.
......)
.......
######5......
#....@%......
#<#..g#.[...#
#.#..........
..#..........
##.........)..
.............
###..........
..........
.###.....


You could see Grinder and a hobgoblin.

Vanquished Creatures
  An adder (D:2)
  2 dart slugs
  2 endoplasms (D:1)
  3 giant cockroaches
  4 goblins (D:1)
  8 hobgoblins
  A quokka (D:1)
  5 ball pythons
  5 bats
  A frilled lizard (D:1)
  4 kobolds
  6 rats
42 creatures vanquished.

Notes
Turn   | Place    | Note
-------+----------+-------------------------------------------
     0 | D:1      | qw the Naga Hunter began the quest for the Orb.
     0 | D:1      | Reached XP level 1. HP: 19/19 MP: 1/1
     0 | D:1      | 0 ||| qw: Version: 0.2-a-29-g0080da8
     0 | D:1      | 0 ||| qw: Game counter: 3848
     0 | D:1      | 0 ||| qw: Always use a shield: true
     0 | D:1      | 0 ||| qw: God list: Okawaru
     0 | D:1      | 0 ||| qw: Allow faded altars: false
     0 | D:1      | 0 ||| qw: Do Orc after D:15 true
     0 | D:1      | 0 ||| qw: Do second Lair branch before Depths: true
     0 | D:1      | 0 ||| qw: Lair rune preference: random
     0 | D:1      | 0 ||| qw: Plans: Normal
     0 | D:1      | 0 ||| PLANNING D:1-11
    10 | D:1      | 10 ||| INVOKING Spit Poison.
    18 | D:1      | 18 ||| INVOKING Spit Poison.
    24 | D:1      | 24 ||| INVOKING Spit Poison.
    28 | D:1      | 28 ||| INVOKING Spit Poison.
    71 | D:1      | 71 ||| INVOKING Spit Poison.
    76 | D:1      | 76 ||| INVOKING Spit Poison.
   153 | D:1      | 153 ||| INVOKING Spit Poison.
   159 | D:1      | 159 ||| INVOKING Spit Poison.
   160 | D:1      | Reached skill level 4 in Ranged Weapons
   160 | D:1      | Reached XP level 2. HP: 26/26 MP: 2/2
   186 | D:1      | 186 ||| INVOKING Spit Poison.
   195 | D:1      | 195 ||| INVOKING Spit Poison.
   199 | D:1      | 199 ||| INVOKING Spit Poison.
   240 | D:1      | 240 ||| INVOKING Spit Poison.
   248 | D:1      | 248 ||| INVOKING Spit Poison.
   299 | D:1      | 299 ||| INVOKING Spit Poison.
   300 | D:1      | Reached XP level 3. HP: 32/32 MP: 3/3
   346 | D:1      | 346 ||| INVOKING Spit Poison.
   360 | D:1      | 360 ||| INVOKING Spit Poison.
   596 | D:1      | 596 ||| INVOKING Spit Poison.
   623 | D:1      | 623 ||| INVOKING Spit Poison.
   765 | D:1      | 765 ||| DROPPING scarf of shadows.
   766 | D:1      | 766 ||| UPGRADING to +0 helmet.
   771 | D:1      | 771 ||| UPGRADING to +0 cloak.
   776 | D:1      | 776 ||| READING scroll labelled JAOTHA MUUK.
   777 | D:1      | 777 ||| READING scroll labelled PUORYH ZAFE.
   778 | D:1      | 778 ||| DROPPING scroll of butterflies.
   806 | D:2      | 806 ||| INVOKING Spit Poison.
   812 | D:2      | 812 ||| INVOKING Spit Poison.
   892 | D:2      | 892 ||| INVOKING Spit Poison.
   939 | D:2      | 939 ||| INVOKING Spit Poison.
   972 | D:2      | 972 ||| INVOKING Spit Poison.
  1092 | D:2      | 1092 ||| INVOKING Spit Poison.
  1138 | D:2      | 1138 ||| INVOKING Spit Poison.
  1139 | D:2      | Found a snail-covered altar of Cheibriados.
  1165 | D:2      | 1165 ||| INVOKING Spit Poison.
  1168 | D:2      | 1168 ||| INVOKING Spit Poison.
  1169 | D:2      | 1169 ||| INVOKING Spit Poison.
  1319 | D:2      | Reached skill level 5 in Ranged Weapons
  1319 | D:2      | Reached XP level 4. HP: 39/39 MP: 4/4
  1323 | D:2      | 1323 ||| READING scroll labelled SITIOMI XACANIU.
  1324 | D:2      | 1324 ||| READING scroll labelled JETAL DEZEO.
  1325 | D:2      | 1325 ||| READING scroll labelled XUNANUA QUZU.
  1326 | D:2      | 1326 ||| DRINKING 2 yellow potions.
  1340 | D:3      | Noticed Grinder
  1347 | D:3      | 1347 ||| INVOKING Spit Poison.
  1347 | D:3      | Paralysed by Grinder for 4 turns
  1351 | D:3      | 1351 ||| INVOKING Spit Poison.
  1353 | D:3      | HP: 8/39 [Grinder (7)]
  1354 | D:3      | 1354 ||| INVOKING Spit Poison.
  1354 | D:3      | HP: 3/39 [Grinder (5)]
  1354 | D:3      | Slain by Grinder

Levels and vault maps discovered:
D:1:      wander_arrival_desolate, layout_basic
D:2:      layout_rooms, basic_altar, minmay_pentomino_u4
D:3:      layout_rooms, minivault_5, uniq_grinder

Skill      XL: |  1  2  3 |
---------------+----------+-----
Ranged Weapons | 4 5 |  5.0
Fighting       | |  2.0
Dodging        | |  1.5
Stealth        | |  1.5

Action                     |  1- 3 |  4- 6 || total
---------------------------+-------+-------++-------
   Fire: Shortbow          |    61 |     8 ||    69
Ability: Spit Poison       |    27 |     3 ||    30
    Use: Scroll            |     2 |     3 ||     5
         Potion            |       |     1 ||     1
 Armour: Leather armour    |     3 |     2 ||     5
  Dodge: Dodged            |    16 |     4 ||    20

Table legend:
 A = Non-vault XP
 B = Vault XP
 C = Vault XP percentage of total XP
 D = Non-vault monster count
 E = Vault monster count
 F = Vault count percentage of total count
                 A         B        C        D         E       F
            +---------+---------+-------+---------+---------+-------
      Total |      72 |      13 |  15.3 |      41 |       1 |   2.4
            +---------+---------+-------+---------+---------+-------
        D:1 |      47 |       0 |   0.0 |      28 |       0 |   0.0
        D:2 |      22 |      13 |  37.1 |      11 |       1 |   8.3
        D:3 |       3 |       0 |   0.0 |       2 |       0 |   0.0
            +---------+---------+-------+---------+---------+-------
